 Dungeon Crawl Stone Soup version 0.29.1-13-g9f3cf754e1 (webtiles) character file.

Game seed: 5906471871099672275

200 khekkus the Chopper (level 5, -5/48 HPs)
             Began as a Hill Orc Fighter on Jan 25, 2023.
             Slain by a gnoll
             ... wielding a +0 spear
             ... led by a gnoll sergeant
              (6 damage)
             ... on level 3 of the Dungeon.
             The game lasted 00:07:18 (2567 turns).

khekkus the Chopper (Hill Orc Fighter)              Turns: 2567, Time: 00:07:19

Health: -5/48      AC:  9    Str: 19 (21) XL:     5   Next: 78%
Magic:  5/5        EV:  9    Int:  6 (8)  God:
Gold:   91         SH:  0    Dex:  8 (10) Spells: 4/4 levels left

rFire   . . .      SeeInvis .   a - +0 war axe
rCold   . . .      Faith    .   c - +0 buckler
rNeg    . . .      Spirit   .   b - +0 scale mail
rPois   .          Reflect  .   (no helmet)
rElec   .          Harm     .   (no cloak)
rCorr   .          Rampage  .   n - +0 pair of gloves
Will    .....                   f - +0 pair of boots
Stlth   ..........              (no amulet)
HPRegen 0.16/turn               (no ring)
MPRegen 0.09/turn               (no ring)

@: confused, attractive, flying, hasted, very quick
A: no striking features
a: no special abilities


You were on level 3 of the Dungeon.
You visited 1 branch of the dungeon, and saw 4 of its levels.

You collected 91 gold pieces.

Inventory:

Hand Weapons
 a - a +0 war axe (weapon)
Missiles
 i - 52 stones (quivered)
Armour
 b - a +0 scale mail (worn)
 c - a +0 buckler (worn)
 f - a +0 pair of boots (worn)
 n - a +0 pair of gloves (worn)
Jewellery
 m - a +4 ring of evasion
Scrolls
 d - a scroll of fear
 l - a scroll of identify
 o - a scroll of teleportation
 q - a scroll of butterflies {unknown}
Potions
 e - 2 potions of ambrosia
 h - a potion of haste
 k - a potion of attraction


   Skills:
 + Level 5.0 Fighting
 * Level 5.9 Axes
 + Level 1.8 Throwing
 - Level 3.2 Armour
 - Level 3.2 Shields


You had 4 spell levels left.
You didn't know any spells.
Your spell library contained the following spells:

 Spells                   Type           Power      Damage    Failure   Level
 Beastly Appendage        Tmut           0%         N/A       89%         1
 Wereblood                Tmut           0%         N/A       96%         2
 Spider Form              Tmut/Pois      0%         N/A       99%         3


Dungeon Overview and Level Annotations

Branches:
Dungeon (4/15)
 Temple: D:4-7

Altars:
Gozag
Ru
The Shining One

Shops:
D:1 *((


Message History

There is a stone staircase leading up here.
You can't go down here!
The gnoll is attracted toward you. x3
You fly upwards.
There is a stone staircase leading down here.
An orc wizard appears from thin air!
The gnoll hits you but does no damage.
The gnoll hits you from afar with a +0 spear.
* * * LOW HITPOINT WARNING * * *
The gnoll is attracted toward you. The orc wizard is attracted toward you.
The orc wizard mumbles some strange words.
The orc wizard flickers and vanishes!
Deactivating autopickup; reactivate with Ctrl-A.
The gnoll is attracted toward you. The gnoll hits you but does no damage.
A magic dart appears from out of thin air!
The magic dart hits you.
* * * LOW HITPOINT WARNING * * *
Something is attracted toward you. x2
You hear some strange, mumbled words.
You are confused.
You hear some strange, mumbled words.
Something tries to affect you, but you resist.
Something is attracted toward you. x2
You closely miss something.
You hear some strange, mumbled words.
A puff of flame appears from out of thin air!
The puff of flame hits you but does no damage.
The gnoll hits you but does no damage.
You barely miss the gnoll. You completely miss something. You slash something!
Reactivating autopickup.
You feel a bit more experienced. The gnoll hits you but does no damage.
Your Fighting skill increases to level 5!
Something hits you but does no damage.
Deactivating autopickup; reactivate with Ctrl-A.
The gnoll hits you with a +0 spear.
* * * LOW HITPOINT WARNING * * *
Items here: ! ) [ †.
The gnoll is attracted toward you.
The gnoll hits you from afar with a +0 spear.
You die...

#......####...#..### #.#
#####............#.# #.#
#..###..).#.##.# ###.#
##.####....#....# #...#
#....##........## #.#.#
####.#.#.........## #.#)#
#.................# #.###
#.#...............# #.#
##.##...........@.>#####.#
........#.............##.#
##..............g..##.##.#
#####.........§......##.#
###.#..#.........#..##.#
###...................##.#
..........$.#.....>...##.#
###.#.....!.#...#........#
#.#.##..#.#..##.###.####


You could see a gnoll.

Vanquished Creatures
  Jessica (D:2)
  An orc wizard (D:3)
  4 gnolls (D:2)
  An adder (D:3)
  A worm (D:3)
  4 dart slugs
  4 orcs (D:3)
  3 endoplasms
  2 giant cockroaches
  10 goblins
  5 hobgoblins
  9 jackals
  3 quokkas
  9 ball pythons
  4 bats
  8 frilled lizards
  10 kobolds
  4 rats
83 creatures vanquished.

Vanquished Creatures (others)
  6 plants (D:3)
6 creatures vanquished.

Grand Total: 89 creatures vanquished

Notes
Turn   | Place    | Note
-------+----------+-------------------------------------------
     0 | D:1      | khekkus the Hill Orc Fighter began the quest for the Orb.
     0 | D:1      | Reached XP level 1. HP: 19/19 MP: 1/1
    81 | D:1      | Reached XP level 2. HP: 27/27 MP: 2/2
   442 | D:1      | Found Baixy's Assorted Antiques.
   444 | D:1      | Found Nehuil's Weapon Emporium.
   537 | D:1      | Found Hemuanax's Antique Weapon Shoppe.
   542 | D:1      | Reached XP level 3. HP: 33/33 MP: 3/3
  1206 | D:2      | Reached XP level 4. HP: 18/41 MP: 4/4
  1208 | D:2      | Reached skill level 1 in Throwing
  1209 | D:2      | Reached skill level 5 in Axes
  1552 | D:2      | Found a faded altar of an unknown god.
  1675 | D:2      | Noticed Jessica
  1692 | D:2      | Killed Jessica
  1693 | D:2      | Reached XP level 5. HP: 34/47 MP: 5/5
  1869 | D:3      | Found a glowing golden altar of the Shining One.
  1919 | D:3      | Found an opulent altar of Gozag.
  1931 | D:3      | Found a sacrificial altar of Ru.
  2565 | D:3      | Reached skill level 5 in Fighting
  2565 | D:3      | HP: 1/48 [gnoll/+0 spear[a gnoll sergeant] (3)]
  2567 | D:3      | Slain by a gnoll

Illustrated notes

Levels and vault maps discovered:
D:1:      minmay_arrival_cross, layout_rooms, serial_shops,
          nicolae_shop_waterfront, nicolae_shop_advertising_works
          [nicolae_subvault_shop_adworks], nicolae_shop_waterfront,
          minivault_26, chequers_serial_rivers_room_b
D:2:      layout_rooms, basic_ecumenical_altar, uniq_jessica
D:3:      minmay_bubble_buster, layout_basic, nicolae_ru_sacrificial_ziggurat,
          mainiacjoe_overflow_surrounded_room, mainiacjoe_overflow_catwalk,
          guppyfry_early_lair_pool
D:4:      layout_gridville, minmay_temple_entry_tees, hangedman_decor_opposing,
          minmay_crystal_room

Skill      XL: |  1  2  3  4  5 |
---------------+----------------+-----
Axes           | 3 4 5 |  5.9
Fighting       | 4 5 |  5.0
Throwing       | 1 |  1.8
Armour         | |  3.2
Shields        | |  3.2

Action                   |  1- 3 |  4- 6 || total
-------------------------+-------+-------++-------
Melee: War axe           |    82 |   113 ||   195
  Use: Scroll            |     4 |     2 ||     6
       Potion            |     1 |     5 ||     6
Armor: Scale mail        |    34 |    72 ||   106
Dodge: Dodged            |    43 |    41 ||    84
Block: Buckler           |    18 |    29 ||    47
